cohdb
Replays
Latest Replays
All Replays
Popular Replays
Top Player Replays
Match Explorer
How It Works
Community
CoH3 Stats
Reddit
Sign in to upload your games and track your stats! →
Sign in with Steam
Match 42212118
Unlisted
Match 42212118
Overview
Messages
Build Orders
End
Construct Infanterie Kompanie
Kettenkrad Recon Vehicle
MG 42 Machine Gun Team
Selects Terror Battlegroup
Selects Machine Gun Camouflage
Grenadier Squad
Grenadier Squad
Construct Luftwaffe Kompanie
MG 42 Bunker
221 Scout Car
Jäger Squad
Jäger Squad
Flak 30 Anti-aircraft Gun Team
Selects Defend the Fatherland
Selects Contempt for the Weak
Medical Bunker
Construct Panzer Kompanie
Stoßtruppen Squad
Panzer IV Medium Tank
Pioneer Squad
Stoßtruppen Squad
Panzer Officer Quarters
Selects King Tiger Heavy Tank
King Tiger Heavy Tank
伐伐伐伐伐木工
Bootyquake
0
0
Comments
sign in to comment!
No comments posted yet!